gia, lawful female human Priestess ----------- ------ -------- |.........| |..>.| -----###@h#.G.....| |....<.....#####################+....| #|...|# |......| |.........| ### ....| #|....# |......| |.........| ###### # # ..{.| #|...|# |......| |..........######## -.---- ### #|....| #-...| -----(-- -------.--- # |....| # #-.---- ###|...| ## ##-.....## ############ #----- # |#...| # ### ########### ------ ### # ----.----------- # # |............... ## # |..............| --.--# |...............#*###### |....# ---------------- |...|## |..).# ----- gia the Acolyte Experience level: 4 Strength: 14 Dexterity: 11 Constitution: 14 Intelligence: 11 Wisdom: 18 Charisma: 9 Health: 0(29) Energy: 41(50) Def: 4 Gold: 353 Moves: 2179 Dungeon seed: mr8MCJK2HVg-Xmst Game ID: gia_1527173357 Your Inventory: Coins $ - 353 gold pieces Weapons a - a blessed +1 mace (weapon in hand) m - 14 +0 darts D - a blessed +0 orcish dagger Armor e - a +0 robe (being worn) n - a +0 small shield (being worn) q - a +0 orcish helm (being worn) Comestibles c - a clove of garlic d - a sprig of wolfsbane k - 2 food rations B - a lichen corpse C - a partly eaten food ration Scrolls i - a scroll of confuse monster j - a scroll of taming u - a cursed scroll of identify x - a scroll of light Spellbooks f - a spellbook of clairvoyance g - a spellbook of extra healing Potions b - 4 potions of holy water o - a potion of blindness p - a potion of sleeping Spells and supernatural/magical abilities: Name Level Category Fail Memory v - clairvoyance 3 divination 81% 90% x - extra healing 3 healing 78% 90% W - pray for help -- divine ? -- X - turn undead -- divine ? -- Your skills at the end: Fighting Skills Weapon Skills mace [Basic] Spellcasting Skills clerical spells [Basic] Final Attributes: You were piously aligned. You are dead. Vanquished creatures: a pony a kitten a kobold shaman a giant bat a monkey an iguana a coyote a large kobold 3 hobgoblins 4 giant rats a brown mold a red mold a gnome zombie 4 geckos a jackal a kobold a goblin 2 sewer rats 4 grid bugs a bat 4 lichens a kobold zombie 4 newts 41 creatures vanquished. Voluntary challenges: You were an atheist. You used a wielded weapon 41 times, starting on turn 41. You were illiterate. You never genocided any monsters. You never polymorphed an object. You never changed form. You used no wishes. You never split a pudding. You never wrote Elbereth's name. You never violated your personal moral code. Dungeon overview: The Dungeons of Doom: levels 1 to 6 Level 1 (vault) some fountains a long staircase Level 2 a general store, a fountain, a sink stairs to The Gnomish Mines Level 3 a sink Level 4 Level 5 <- You were here a fountain, a sink Level 6 The Gnomish Mines: Level 3 stairs to The Dungeons of Doom History has recorded: On T:1 you entered the Dungeons of Doom to retrieve the Amulet of Yendor! On T:309 you reached level 2 of The Dungeons of Doom. On T:348 you reached level 3 of The Dungeons of Doom. On T:389 you reached level 1 of The Gnomish Mines. On T:406 you advanced to experience level 2. On T:906 you advanced to experience level 3. On T:950 you reached level 4 of The Dungeons of Doom. On T:1225 you reached level 5 of The Dungeons of Doom. On T:1545 you advanced to experience level 4. On T:2081 you reached level 6 of The Dungeons of Doom. Score breakdown: Gold: 353 ( 8670 points) Experience: 4 levels ( 9649 points) Exploration: 6 levels ( 12.50%) ( 9784 points) Discoveries: 1 item ( 0.34%) ( 1740 points) Valuables value: (no points given unless you survive) Artifact value: 0 ( 0 points) Variety of kills: 23 monsters ( 6.04%) ( 7370 points) Turncount: 2179 turns ( -127 points) Survival: died (score multiplied by 80%) Total score: 29668 Latest messages: The little dog eats a kitten corpse. The little dog picks up 3 candles. You miss wizbiz's ghost. The little dog drops 3 candles. The bugbear picks up a yellow gem. You miss the bugbear. The gnome lord picks up a food ration. The bugbear swings his curved sword. The bugbear hits! You fail to cast the spell correctly. The large kobold picks up an iron skull cap. The large kobold puts on an iron skull cap. The little dog misses the large kobold. The little dog bites the large kobold. The large kobold hits the little dog. Where do you want to travel to? You stop travelling. You hit the bugbear. You miss the bugbear. The bugbear swings his curved sword. The bugbear hits! You die... Final status: Goodbye gia the Priestess, killed by a bugbear... You died in The Dungeons of Doom on dungeon level 5 with 29668 points, and 353 pieces of gold, after 2179 moves. You were level 4 with a maximum of 29 hit points when you died.